 Dungeon Crawl Stone Soup version 0.20.0-7-g3b7b877 (webtiles) character file.

4555 kuniqs the Skirmisher (level 10, 0/53 HPs)
             Began as a Vine Stalker Earth Elementalist on May 29, 2017.
             Was a Follower of Uskayaw.
             Slain by Erica
             ... wielding a +2 scimitar of flaming
              (1 damage)
             ... on level 9 of the Dungeon.
             The game lasted 00:17:47 (9109 turns).

kuniqs the Skirmisher (VSEE)                        Turns: 9109, Time: 00:17:48

Health: 0/53       AC: 11    Str: 15      XL:     10   Next: 40%
Magic:  0/14       EV:  8    Int: 15      God:    Uskayaw [*.....]
Gold:   433        SH:  7    Dex: 12 (14) Spells: 12/13 levels left

rFire    . . .     SeeInvis .   i - +2 dagger (venom)
rCold    + . .     Gourm    +   G - +2 buckler
rNeg     . . .     Faith    .   o - +0 chain mail
rPois    .         Spirit   +   (no helmet)
rElec    .         Reflect  .   u - +0 cloak
rCorr    .         Harm     .   (no gloves)
MR       +....                  (no boots)
Stlth    ..........             C - amulet of the gourmand
Regen    0.6/turn               c - ring of protection from cold
MPRegen  0.2/turn               (no ring)

@: lethally poisoned (0 -> 0)
A: fangs 3, regeneration 1, magic shield, antimagic bite, no potion heal 3, rot
immunity
a: Stomp, Renounce Religion


You were on level 9 of the Dungeon.
You worshipped Uskayaw.
Uskayaw was noncommittal.
You were full.

You visited 2 branches of the dungeon, and saw 10 of its levels.
You also visited: Sewer.

You collected 433 gold pieces.

Inventory:

Hand Weapons
 i - a +2 dagger of venom (weapon)
 y - a +1 dagger of protection
Missiles
 b - 135 stones (quivered)
 A - 2 throwing nets
Armour
 a - a +2 large shield
 m - a +0 shield
 o - a +0 chain mail (worn)
 u - a +0 cloak (worn)
 G - a +2 buckler (worn)
Jewellery
 c - a ring of protection from cold (left hand)
 C - an amulet of the gourmand (around neck)
Wands
 j - a wand of lightning (7/15)
 F - a wand of confusion (22/48)
 I - a wand of scattershot (2/9)
Scrolls
 g - a scroll of enchant weapon {unknown}
 k - a scroll of random uselessness {unknown}
 l - a scroll of noise {unknown}
 n - a scroll of amnesia {unknown}
 q - 2 scrolls of recharging
 r - 3 scrolls of fear
 s - 4 scrolls of teleportation
 w - a scroll of immolation
 x - 2 scrolls of magic mapping
Potions
 h - a potion of might
 t - a potion of cancellation
 v - 9 potions of curing {@q1}
 z - a potion of magic
 D - a potion of flight
 E - a potion of berserk rage
 H - a potion of haste
Books
 p - a book of Geomancy

   Spells                             Type                      Level
   a - Sandblast                      Earth                        1
   b - Passwall                       Transmutation/Earth          2
   c - Stone Arrow                    Conjuration/Earth            3
   d - Petrify                        Transmutation/Earth          4
   e - Lee's Rapid Deconstruction     Earth                        5
Comestibles
 d - 6 bread rations
 e - 6 meat rations
 f - 3 fruits
 B - 2 royal jellies


   Skills:
 + Level 5.8 Fighting
 + Level 4.8 Short Blades
 + Level 5.2 Armour
 + Level 5.4 Dodging
 - Level 2.4 Stealth
 + Level 5.1 Shields
 - Level 2.7 Unarmed Combat
 - Level 2.1 Spellcasting
   Level 1.0 Transmutations
 - Level 3.0 Earth Magic
 + Level 4.6 Invocations


You had 12 spell levels left.
You knew the following spells:

 Your Spells              Type           Power        Failure   Level  Hunger
a - Sandblast             Erth           ##....       73%         1    #......


Dungeon Overview and Level Annotations

Branches:
Dungeon (9/15)             Temple (1/1) D:5
   Lair: D:8-11         Orc: D:9-12

Altars:
Ashenzari
Dithmenos
Elyvilon
Fedhas
Gozag
Kikubaaqudgha
Makhleb
Nemelex Xobeh
Okawaru
Qazlal
Ru
Trog
Uskayaw
Vehumet
Xom
Yredelemnul
Zin
The Shining One

Shops:
D:7 *

Annotations:
D:9 Erica


Innate Abilities, Weirdness & Mutations

You have razor-sharp teeth.
Your natural rate of healing is unusually fast.
When hurt, damage is shared between your health and your magic reserves.
Your bite disrupts and absorbs the magic of your enemies.
Potions cannot restore your health.
You are immune to rotting.


Message History

You feel sick.
The centaur shoots an arrow.
Something hits you!
* * * LOW HITPOINT WARNING * * *
Something burns you.
* * * LOW HITPOINT WARNING * * *
You hit something but do no damage. Your bite misses something.
You feel sick. Something hits you.
* * * LOW HITPOINT WARNING * * *
Something burns you.
You can no longer pass through a line of other dancers.
You miss something. Your bite misses something.
The centaur shoots an arrow.
The arrow closely misses you. Something hits you.
* * * LOW HITPOINT WARNING * * *
Something burns you.
* * * LOW HITPOINT WARNING * * *
You miss something. You bite something. You drain its magic.
You feel invigorated.
You feel sick.
The centaur shoots an arrow.
The arrow hits you.
* * * LOW HITPOINT WARNING * * *
You block the orc's attack. Something hits you.
You die...

#..........## # ............## #
#.... ............##### #....
#...........##. #....
##............(. #...
#............(.. #..#
##...........(...
#..#####...###..........
#).c(.{@.(## #....).....
###..(o(o...####..........
.######..(######...##......##..#
.......)..# ##........####..#
......##..## ##......## #..#
..### #...# ##....## #... ##..#
##...# #... #..## #..## ....
##..# #...# ##...#


You could see a centaur and 2 orcs.

Vanquished Creatures
  Pikel (D:8)
  A hippogriff (D:7)
  Sigmund (D:6)
  Grum (D:8)
  Menkaure (D:6)
  An orc warrior (D:8)
  A slave (D:8)
  A black bear (D:8)
  An ice beast (D:8)
  A sky beast (D:8)
  5 ogres
  2 wolves (D:8)
  4 centaurs
  2 big kobolds
  3 bullfrogs
  3 scorpions
  6 killer bees (D:7)
  2 crimson imps (D:8)
  2 quasits (D:8)
  4 hounds
  4 jellies (D:8)
  3 orc priests
  2 centaur skeletons (D:4)
  3 orc wizards
  Jessica (D:2)
  3 bullfrog skeletons
  3 iguanas
  7 worker ants
  A killer bee zombie (D:7)
  14 gnolls
  10 adders
  4 shadow imps
  An ooze (D:1)
  2 adder skeletons
  5 worms
  7 leopard geckos
  23 orcs
  5 ball pythons
  8 bats
  6 giant cockroaches
  6 goblins
  8 hobgoblins
  11 jackals
  19 kobolds
  A quokka (D:3)
  5 frilled lizards
  A leopard gecko zombie (D:5)
  A quokka zombie (D:7)
  4 rats
  3 plants (Sewer)
214 creatures vanquished.

Vanquished Creatures (others)
  The ghost of salade2fruit the Caller, an amateur OpSu (D:3)
  A slave (D:8)
  An adder zombie (D:8)
  A plant (Sewer)
4 creatures vanquished.

Grand Total: 218 creatures vanquished

Notes
Turn   | Place    | Note
-------+----------+-------------------------------------------
     0 | D:1      | kuniqs the Vine Stalker Earth Elementalist began the quest for the Orb.
     0 | D:1      | Reached XP level 1. HP: 9/9 MP: 4/4
   281 | D:1      | Reached XP level 2. HP: 14/14 MP: 4/6
   284 | D:1      | Reached skill level 1 in Unarmed Combat
   556 | D:1      | Reached skill level 1 in Fighting
   771 | D:1      | Reached XP level 3. HP: 18/18 MP: 7/7
   874 | D:2      | Reached skill level 1 in Armour
  1022 | D:2      | Gained mutation: Your natural rate of healing is unusually fast. [Vine Stalker growth]
  1022 | D:2      | Reached XP level 4. HP: 13/22 MP: 1/8
  1082 | D:2      | Noticed Jessica
  1088 | D:2      | Killed Jessica
  1088 | D:2      | Reached XP level 5. HP: 22/26 MP: 2/9
  2104 | D:3      | Noticed salade2fruit's ghost (amateur OpSu)
  2118 | D:3      | Killed salade2fruit's ghost
  2118 | D:3      | Reached skill level 1 in Shields
  2118 | D:3      | Reached XP level 6. HP: 28/32 MP: 4/10
  2602 | D:4      | Found a glowing drain.
  2617 | D:4      | Reached XP level 7. HP: 33/35 MP: 11/11
  2630 | Sewer    | Entered a sewer
  3878 | D:5      | Entered Level 5 of the Dungeon
  3949 | D:4      | Reached skill level 1 in Short Blades
  4210 | D:5      | Found a staircase to the Ecumenical Temple.
  4222 | Temple   | Entered the Ecumenical Temple
  4261 | Temple   | Became a worshipper of Uskayaw the Reveler
  4345 | D:5      | Reached * piety under Uskayaw
  4349 | D:5      | Reached ** piety under Uskayaw
  4481 | D:5      | Reached skill level 1 in Invocations
  4481 | D:5      | Gained mutation: You have razor-sharp teeth. [Vine Stalker growth]
  4481 | D:5      | Reached XP level 8. HP: 40/40 MP: 12/12
  5326 | D:6      | Noticed Sigmund
  5345 | D:6      | Reached *** piety under Uskayaw
  5349 | D:6      | Killed Sigmund
  5376 | D:6      | Noticed Menkaure
  5385 | D:6      | Killed Menkaure
  6298 | D:7      | Reached XP level 9. HP: 45/45 MP: 13/13
  6302 | D:7      | Reached **** piety under Uskayaw
  6307 | D:7      | Reached ***** piety under Uskayaw
  6325 | D:7      | Reached ****** piety under Uskayaw
  6392 | D:7      | Found Guti's Elemental Accessories.
  6806 | D:7      | Got a crystal hand axe
  6807 | D:7      | Identified the cursed +1 hand axe "Luawuont" {pain, rElec Int+2 Stlth+} (You found it on level 7 of the Dungeon)
  7451 | D:8      | Noticed Pikel
  7477 | D:8      | Killed Pikel
  7477 | D:8      | Reached skill level 5 in Fighting
  7504 | D:8      | Noticed Grum
  7516 | D:8      | Reached skill level 5 in Dodging
  7544 | D:8      | Killed Grum
  7658 | D:8      | Reached XP level 10. HP: 51/51 MP: 14/14
  7850 | D:8      | Found a stormy altar of Qazlal.
  8051 | D:8      | Reached skill level 5 in Armour
  8275 | D:8      | Reached skill level 5 in Shields
  9090 | D:9      | Noticed Erica
  9108 | D:9      | HP: 2/53 [something (2)]
  9109 | D:9      | Slain by Erica

Skill      XL: |  1  2  3  4  5  6  7  8  9 10 |
---------------+-------------------------------+-----
Unarmed Combat | 1 2 |  2.7
Fighting       | 1 2 3 4 5 |  5.8
Dodging        | 2 3 4 5 |  5.4
Armour         | 1 2 3 4 5 |  5.2
Shields        | 1 2 3 4 5 |  5.1
Short Blades   | 1 3 4 |  4.8
Invocations    | 1 2 4 |  4.6
Stealth        | |  2.4
Spellcasting   | |  2.1
Transmutations | |  1.0
Earth Magic    | |  3.0

Action                   |  1- 3 |  4- 6 |  7- 9 | 10-12 || total
-------------------------+-------+-------+-------+-------++-------
Melee: Dagger            |     2 |    22 |   793 |   230 ||  1047
       Short sword       |    24 |    98 |       |       ||   122
       Bite              |     5 |    38 |   242 |    65 ||   350
       Punch             |       |       |    11 |       ||    11
       Unarmed           |       |       |    41 |       ||    41
       Hand axe          |       |       |    20 |       ||    20
 Cast: Sandblast         |    33 |    45 |    88 |       ||   166
  Use: Potion            |     1 |       |     2 |     1 ||     4
       Scroll            |       |     1 |    11 |     4 ||    16
 Stab: Sleeping          |     1 |     1 |     1 |       ||     3
       Paralysed         |       |       |     3 |     6 ||     9
  Eat: Chunk             |     1 |     6 |    19 |    11 ||    37
       Fruit             |       |       |     1 |       ||     1
Armor: Robe              |     2 |       |       |       ||     2
       Ring mail         |    12 |    62 |   184 |       ||   258
       Skin              |       |       |    51 |       ||    51
       Chain mail        |       |       |     9 |   116 ||   125
Dodge: Dodged            |    43 |   114 |   324 |    59 ||   540
Block: Large shield      |       |       |    41 |     8 ||    49
       Shield            |       |       |       |    50 ||    50
       Buckler           |       |       |       |    36 ||    36
